 Dungeon Crawl Stone Soup version 0.29.1-13-g9f3cf754e1 (webtiles) character file.

Game seed: 17594818100429326381

4 shadowmeld the Insei (level 1, -1/17 HPs)
             Began as a Djinni Transmuter on Jan 30, 2023.
             Frozen to death by an endoplasm (6 damage)
             ... on level 1 of the Dungeon.
             The game lasted 00:00:57 (199 turns).

shadowmeld the Insei (Djinni Transmuter)             Turns: 199, Time: 00:00:58

Health: -1/17      AC:  2    Str:  9    XL:     1   Next: 66%
Gold:   0          EV: 12    Int: 14    God:
                   SH:  0    Dex: 13

rFire   + + .      SeeInvis .     - Unarmed
rCold   x . .      Faith    .   (no shield)
rNeg    . . .      Spirit   .   a - +0 robe
rPois   ∞          Reflect  .   (helmet currently unavailable)
rElec   .          Harm     .   (no cloak)
rCorr   .          Rampage  .   (no gloves)
Will    .....                   (boots unavailable)
Stlth   +.........              (no amulet)
HPRegen 0.05/turn               (no ring)
MPRegen 0.00/turn               (no ring)

@: appendages, flying
A: horns 2, flying, sickness immunity, fire resistance 2, cold vulnerability 1,
float, innate caster, HP casting, extra vitality 1
a: End Transformation


You were on level 1 of the Dungeon.
You had temporarily grown beastly horns.
You visited 1 branch of the dungeon, and saw 1 of its levels.

Inventory:

Armour
 a - a +0 robe (worn)
Scrolls
 c - a scroll of teleportation {unknown}
Potions
 b - a potion of lignification


   Skills:
 + Level 1.0 Fighting
 + Level 2.2 Dodging
 + Level 3.1 Unarmed Combat
 + Level 1.7 Spellcasting


You couldn't memorise any spells.
You knew the following spells:

 Your Spells              Type           Power      Damage    Failure   Level
a - Beastly Appendage     Tmut           12%        N/A       12%         1
b - Wereblood             Tmut           6%         N/A       19%         2
c - Spider Form           Tmut/Pois      6%         N/A       34%         3
d - Ice Form              Ice/Tmut       6%         N/A       75%         4
Your spell library was empty.

Dungeon Overview and Level Annotations

Branches:
Dungeon (1/15)

Altars:


Innate Abilities, Weirdness & Mutations

You have temporarily grown beastly horns.
You are flying.
You are immune to sickness and miasma.
You are immune to poison.
Your flesh is very heat resistant. (rF++)
You are vulnerable to cold. (rC-)
You float through the air rather than walking.
You learn spells naturally, not from books.
Your magical power is your life essence.
You have superior vitality. (+4 MHP)


Message History

You miss the frilled lizard.
Your transformation is almost over.
The frilled lizard bites you.
You miss the frilled lizard. The frilled lizard closely misses you.
You closely miss the frilled lizard.
Your headbutt misses the frilled lizard.
The frilled lizard bites you.
You barely miss the frilled lizard. You headbutt the frilled lizard.
The frilled lizard is severely wounded.
The frilled lizard bites you.
You hit the frilled lizard but do no damage.
Your headbutt misses the frilled lizard.
The frilled lizard is severely wounded.
The endoplasm freezes you.
You are frozen.
The frilled lizard misses you.
You closely miss the frilled lizard.
The frilled lizard is severely wounded.
The endoplasm closely misses you.
The frilled lizard completely misses you.
You closely miss the frilled lizard.
The frilled lizard is severely wounded.
You closely miss the frilled lizard.
You headbutt the frilled lizard, but do no damage.
The frilled lizard is severely wounded.
The endoplasm misses you. The frilled lizard bites you.
You closely miss the frilled lizard.
Your headbutt misses the frilled lizard.
The frilled lizard is severely wounded.
The endoplasm barely misses you. The frilled lizard closely misses you.
You hit the frilled lizard.
You kill the frilled lizard!
Your horns disappear.
The endoplasm hits you.
Casting: Beastly Appendage (safe; 12% risk of failure)
Confirm with . or Enter, or press ? or * to list all spells.
You grow a pair of large bovine horns.
* * * LOW HITPOINT WARNING * * *
The endoplasm freezes you.
You are frozen.
You feel a terrible chill!
You die...

#.~.#~..........~
#.≈.#~.########.~
#.~.#~..........~
#.~.#~~~~~..~~~~~
#.~.######''#####
#.~.#.........§..
###.~.#≈≈≈≈≈..≈≈≈§§
#...~.#≈≈≈≈≈..≈§≈≈§
#.@.~.#............
....)...J.~.######''#####
..........~8#.....<......
..........~.#############
+####.....~..8
#.....~~~~~ #...........
#.......####


You could see an endoplasm.

Vanquished Creatures
  A bat (D:1)
  A goblin (D:1)
  A ball python (D:1)
  A frilled lizard (D:1)
4 creatures vanquished.

Notes
Turn   | Place    | Note
-------+----------+-------------------------------------------
     0 | D:1      | shadowmeld the Djinni Transmuter began the quest for the
                  | Orb.
     0 | D:1      | shadowmeld set off with the following spells memorised:
                  | Beastly Appendage, Wereblood, Spider Form, Ice Form.
     0 | D:1      | Reached XP level 1. HP: 17/17 MP: 0/0
   199 | D:1      | Frozen to death by an endoplasm

Illustrated notes

Levels and vault maps discovered:
D:1:      lightli_arrival_isolated_outpost, layout_basic,
          ebering_ecumenical_altar_abandoned, minmay_3d_cube

Action                   || total
-------------------------++-------
Melee: Unarmed           ||    19
       Headbutt          ||     3
 Cast: Beastly Appendage ||     3
Armor: Robe              ||     6
Dodge: Dodged            ||    13
